 Dungeon Crawl Stone Soup version 0.16.1-16-gc44b35d (webtiles) character file.

32462 M4edhros the Covert (level 13, -4/82 HPs)
             Began as an Octopode Artificer on Apr 14, 2015.
             Was the Champion of Fedhas.
             Slain by an ice devil (28 damage)
             ... in an ice cave on Apr 15, 2015.
             The game lasted 01:30:26 (22501 turns).

M4edhros the Covert (Octopode Artificer)           Turns: 22501, Time: 01:30:27

Health: -4/82      AC:  7    Str: 12    XL:     13   Next: 64%
Magic:  31/31      EV: 18    Int: 20    God:    Fedhas [******]
Gold:   1051       SH:  0    Dex: 16    Spells: 5 memorised, 5 levels left

rFire  . . .     SeeInvis +     p - +6 Majin-Bo {vamp, Archmagi MP+6 Int+6}
rCold  . . .     Clarity  .     (no shield)
rNeg   . . .     SustAb   .     G - +2 hat
rPois  +         Gourm    .     S - amulet of stasis
rElec  .         Spirit   .     h - ring of wizardry
rCorr  .         Warding  .     C - ring of see invisible
rMut   .         Stasis   +     N - ring of poison resistance
MR     +....                    i - ring of wizardry
Stlth  ++++++....               r - +3 ring of protection
                                A - ring of protection from magic
                                (no ring)
                                (no ring)

@: somewhat resistant to hostile enchantments, very stealthy
A: almost no armour, amphibious, 8 rings, constrict 8, camouflage 1, breathe
flames 1, screaming 1, shaggy fur 1, teleportitis 1, wild magic 1, gelatinous
body 1
a: Evolution, Sunlight, Growth, Reproduction, Rain, Renounce Religion, Breathe
Fire


You were in an ice cave.
You worshipped Fedhas.
Fedhas was exalted by your worship.
You were not hungry.

You visited 4 branches of the dungeon, and saw 21 of its levels.
You also visited: Ice Cave.

You collected 2090 gold pieces.
You spent 1039 gold pieces at shops.

Inventory:

Hand weapons
 j - the +7 spear "Ghyawib" {pierce, rElec MP+9 Stlth-}
   (You bought it in a shop on level 4 of the Orcish Mines)

   It inflicts extra damage upon your enemies.
   It insulates you from electricity.
   It affects your magic capacity (+9).
   It makes you less stealthy.
 p - the +6 Majin-Bo (weapon) {vamp, Archmagi MP+6 Int+6}
   (You found it on level 4 of the Dungeon)

   It inflicts no extra harm, but heals its wielder somewhat when it strikes a
   living foe.
   It affects your intelligence (+6).
   It affects your magic capacity (+6).
 q - a +7 mace of protection
 t - a +0 blowgun
 w - a +2 rapier of venom
 x - the +9 flail "Lioqenis" {vamp, -Cast rElec rF+ Dex+4}
   (You bought it in a shop on level 2 of the Orcish Mines)

   It inflicts no extra harm, but heals its wielder somewhat when it strikes a
   living foe.
   It affects your dexterity (+4).
   It protects you from fire.
   It insulates you from electricity.
   It prevents spellcasting.
 H - the cursed -2 quarterstaff of the Penguin {vamp, rPois, unknown}
   (You found it on level 2 of the Lair of Beasts)

   It inflicts no extra harm, but heals its wielder somewhat when it strikes a
   living foe.
   It protects you from poison.
   It has a curse placed upon it.
 R - a +0 short sword of distortion
Missiles
 u - 22 poisoned needles
 v - 2 throwing nets (quivered)
 P - 5 curare-tipped needles
Armour
 e - a +0 shield
 G - a +2 hat (worn)
Jewellery
 h - a ring of wizardry (left tentacle)
 i - a ring of wizardry (on tentacle)
 r - a +3 ring of protection (on tentacle)
 A - a ring of protection from magic (on tentacle)
 B - an uncursed ring of teleportation
 C - a ring of see invisible (right tentacle)
 E - the amulet of Momurugh {+Rage Str-4 Int+3 Slay+3}
   (You found it on level 2 of the Lair of Beasts)

   [amulet of rage]

   It affects your strength (-4).
   It affects your intelligence (+3).
   It affects your accuracy and damage with ranged weapons and melee attacks
   (+3).
   It lets you go berserk.
 N - a ring of poison resistance (on tentacle)
 S - an amulet of stasis (around mantle)
Magical devices
 a - a wand of confusion (2)
 c - a wand of enslavement (5)
 k - a wand of teleportation (5)
 o - a wand of paralysis (13)
 K - a wand of enslavement (15)
 L - a wand of fireball (5)
 U - a wand of fire (0)
 V - a wand of cold (5)
 Y - a wand of fire (7)
Scrolls
 b - a scroll of acquirement
 g - 3 scrolls of fear
 y - a scroll of enchant weapon
 F - a scroll of fog
 I - 4 scrolls of teleportation
 O - a scroll of magic mapping
 X - 2 scrolls of blinking
Potions
 m - 2 potions of curing
 s - a potion of agility
 J - a potion of magic
 M - 2 potions of might
Comestibles
 d - 3 fruits
 f - 3 bread rations
 l - a slice of pizza
 n - 5 beef jerkies
 W - 6 royal jellies


   Skills:
 - Level 5.5 Fighting
 - Level 1.0 Short Blades
 - Level 5.1(5.4) Maces & Flails
 + Level 2.6(4.2) Staves
 * Level 8.9 Dodging
 - Level 10.0 Stealth
 - Level 6.8 Shields
 * Level 5.6 Spellcasting
 - Level 4.6 Conjurations
 - Level 4.1 Charms
 - Level 4.2 Summonings
 - Level 5.5 Necromancy
 + Level 2.4 Translocations
 + Level 4.9 Air Magic
 * Level 7.4 Poison Magic
 + Level 8.0 Invocations
 - Level 8.5 Evocations


You had 5 spell levels left.
You knew the following spells:

 Your Spells              Type           Power        Failure   Level  Hunger
a - Recall                Summ/Tloc      N/A          5%          3    ##.....
b - Regeneration          Chrm/Necr      ######....   3%          3    ##.....
c - Mephitic Cloud        Conj/Pois/Air  ######..     2%          3    ##.....
d - Olgreb's Toxic Radia  Pois           ######..     4%          4    ####...
e - Phase Shift           Tloc           ####......   63%         5    #####..


Dungeon Overview and Level Annotations

Branches:
Dungeon (13/15)            Temple (1/1) D:4            Lair (3/8) D:8
  Snake (0/5) Lair:3          Orc (4/4) D:10            Elf (0/3) Orc:4
  Swamp: Lair:3-6    Shoals: Lair:3-6    Vaults: D:13-14

Altars:
Ashenzari
Cheibriados
Dithmenos
Elyvilon
Fedhas
Gozag
Kikubaaqudgha
Makhleb
Nemelex Xobeh
Okawaru
Qazlal
Ru
Sif Muna
Trog
Vehumet
Xom
Yredelemnul
Zin
The Shining One
Beogh

Shops:
D:5 [[[[   D:13 [   Orc:2 (   Orc:3 }   Orc:4 (([(

Annotations:
D:13 Nessos IceCv exclusion: ice statue


Innate Abilities, Weirdness & Mutations

You cannot wear most types of armour.
You are amphibious.
You can wear up to eight rings at the same time.
You can use your tentacles to constrict many enemies at once.
Your skin changes colour to match your surroundings (Stealth).
Your rubbery body absorbs attacks (AC +1).
You can breathe flames.
You occasionally shout uncontrollably at your foes.
You are covered in fur (AC +1).
Space occasionally distorts in your vicinity.
Your spells are a little harder to cast, but a little more powerful.


Message History

The ice devil is unaffected.
The blue devil is unaffected.
You constrict the blue devil.
You kill the blue devil!
The ice devil hits you but does no damage.
The blue devil barely misses you. x2
Unknown command.
Drink which item? (? for menu, Esc to quit)
You feel much better.
The blue devil swoops through the air toward you!
The blue devil hits you. The ice devil misses you.
The blue devil barely misses you. The blue devil closely misses you.
You hit the blue devil but do no damage.
You grab the blue devil. You squeeze the blue devil.
The blue devil is lightly wounded.
You constrict the blue devil, but do no damage.
The blue devil hits you! The ice devil hits you.
* * * LOW HITPOINT WARNING * * *
The ice devil freezes you!!
You die...
Fedhas appreciates your contribution to the ecosystem.

#.......#
#p##+##.# #.# #.#
#.# #.# ##.# #.##
####8.#####..####
#.4.............#
#'######4######+#
# #.'.4@3...'.#
###.84..8.###
#.'.......'.#
###.8...8.###
#.'.......'.#
###.8...8.###
#.'.......'.#
###'#...#'###
#.#...#.#


You could see an ice devil and 3 blue devils.

Vanquished Creatures
  Gastronok (Lair:3)
  Fannar (Orc:3)
  A hydra (D:12)
  Harold (D:12)
  2 ice statues (IceCv)
  A hill giant (D:12)
  An ugly thing (D:12)
  A necromancer (IceCv)
  An orc knight (Orc:4)
  A cyclops (D:11)
  4 spiny frogs
  2 komodo dragons
  3 blue devils (IceCv)
  Sonja (D:12)
  2 trolls (D:10)
  Grinder (D:4)
  2 blink frogs (Lair:2)
  A shadow (D:12)
  2 deep elf magi
  10 yaks
  Eustachio (D:4)
  6 hippogriffs
  A wolf (Orc:3)
  3 wargs
  A spatial vortex (D:9)
  3 porcupines
  2 water moccasins (Lair:1)
  2 sky beasts (D:9)
  4 ice beasts
  13 orc warriors
  2 black bears
  2 phantoms
  A boggart (D:4)
  15 centaurs
  3 ogres
  5 big kobolds
  4 crocodiles
  Duvessa (D:6)
  A brain worm (D:8)
  7 giant frogs
  6 scorpions
  4 wights (D:9)
  The ghost of M4edhros the Charlatan, a weakling OpAr (D:3)
  2 draconian simulacra (IceCv)
  2 goliath beetles
  Dowan (D:6)
  10 killer bees
  5 crimson imps
  2 jellies
  10 hounds
  A gnoll shaman (D:5)
  Crazy Yiuf (D:2)
  5 giant frog skeletons
  2 quasits
  4 centaur skeletons
  An iron imp (Orc:4)
  29 orc wizards
  A troll simulacrum (IceCv)
  21 orc priests
  A spriggan simulacrum (IceCv)
  Natasha (thrice) (D:4)
  13 iguanas
  6 worker ants
  Ijyb (D:6)
  A wandering mushroom (D:12)
  A centaur simulacrum (IceCv)
  A hound skeleton (D:5)
  A mummy (D:12)
  Robin (D:4)
  13 adders
  5 naga simulacra (IceCv)
  3 river rats
  A gnoll (D:5)
  6 shadow imps
  6 white imps
  2 ufetubi (Orc:4)
  4 worms
  3 adder skeletons
  An iguana skeleton (D:6)
  6 giant geckos
  154 orcs
  3 ball pythons
  15 bats
  2 bat skeletons
  18 hobgoblins
  21 jackals
  42 kobolds
  4 quokkas
  5 giant cockroaches
  A giant gecko skeleton (D:4)
  8 giant newts
  26 goblins
  5 goblin skeletons (D:9)
  A hobgoblin skeleton (D:9)
  A kobold skeleton (D:9)
  2 orc skeletons (D:9)
  A quokka skeleton (D:5)
  14 rats
  A toadstool (D:5)
627 creatures vanquished.

Vanquished Creatures (collateral kills)
  Saint Roka (Orc:4)
  2 ettins (Orc:4)
  A hydra (Lair:1)
  Urug (Orc:3)
  An orc knight (Orc:4)
  A hill giant (D:11)
  2 orc sorcerers (Orc:4)
  Maurice (Orc:3)
  A centaur skeleton (D:12)
  A komodo dragon (Lair:1)
  2 spiny frogs
  4 trolls
  8 yaks
  A blink frog (Lair:2)
  2 shadows (D:6)
  2 wraiths
  Grum (Orc:3)
  2 hungry ghosts
  2 wolves (Orc:3)
  3 wargs
  Edmund (D:6)
  A soldier ant (D:8)
  A wandering mushroom (Orc:4)
  A sky beast (D:5)
  3 ogres
  2 phantoms
  A boring beetle (D:8)
  A centaur (D:5)
  15 orc warriors
  3 crocodiles
  5 giant frogs
  2 killer bees (D:8)
  A scorpion (D:10)
  12 orc priests
  A goliath beetle (D:6)
  9 orc wizards
  3 hounds
  A jelly (D:12)
  A wasp zombie (D:10)
  An iguana (Lair:1)
  A hound zombie (D:10)
  5 river rats (Lair:1)
  8 white imps (Lair:3)
  3 orc skeletons (Orc:4)
  58 orcs
  2 hobgoblins
  5 goblins
  An orc zombie (Orc:4)
  A toadstool (Orc:3)
188 creatures vanquished.

Vanquished Creatures (others)
  14 wandering mushrooms
  A trapdoor spider zombie (D:12)
  2 ravens (Orc:3)
  A sky beast (D:11)
  A necrophage (D:10)
  A worker ant zombie (D:11)
  An orc (Orc:3)
  A giant cockroach zombie (D:5)
  A giant spore (D:11)
  643 toadstools
666 creatures vanquished.

Grand Total: 1481 creatures vanquished

Notes
Turn   | Place    | Note
--------------------------------------------------------------
     0 | D:1      | M4edhros, the Octopode Artificer, began the quest for the Orb.
     0 | D:1      | Reached XP level 1. HP: 13/13 MP: 1/1
   543 | D:2      | Reached XP level 2. HP: 9/18 MP: 3/3
  1127 | D:3      | Reached XP level 3. HP: 3/23 MP: 4/4
  1134 | D:3      | Reached skill level 4 in Evocations
  1299 | D:3      | Reached XP level 4. HP: 21/28 MP: 6/6
  1554 | D:4      | Noticed Natasha
  1562 | D:4      | Killed Natasha
  1578 | D:4      | Noticed a boggart
  1578 | D:4      | a scorpion changed into a boggart
  1581 | D:4      | Killed a boggart
  1581 | D:4      | Reached XP level 5. HP: 9/33 MP: 7/9
  1762 | D:4      | Noticed Eustachio
  1764 | D:4      | Noticed Grinder
  1769 | D:4      | Killed Grinder
  1769 | D:4      | Reached skill level 5 in Stealth
  1769 | D:4      | Reached skill level 5 in Evocations
  1769 | D:4      | Reached XP level 6. HP: 21/38 MP: 11/11
  1899 | D:4      | Noticed Natasha
  1910 | D:4      | Killed Natasha
  1967 | D:4      | Killed Eustachio
  1967 | D:4      | Reached skill level 6 in Stealth
  1967 | D:4      | Reached XP level 7. HP: 33/43 MP: 12/14
  2043 | D:4      | Noticed Robin
  2051 | D:4      | Killed Robin
  2277 | D:4      | Reached skill level 7 in Stealth
  2596 | D:4      | Noticed Natasha
  2599 | D:4      | Killed Natasha
  2735 | D:4      | Noticed a big kobold
  2744 | D:4      | Killed a big kobold
  2744 | D:4      | Reached skill level 5 in Dodging
  2880 | D:4      | Found a staircase to the Ecumenical Temple.
  2888 | Temple   | Entered the Ecumenical Temple
  3111 | Temple   | Became a worshipper of Xom of Chaos
  3115 | Temple   | XOM: silly message
  3137 | Temple   | Fell from the grace of Xom
  3137 | Temple   | Became a worshipper of Fedhas Madash
  3492 | D:1      | Acquired Fedhas' first power
  3694 | D:1      | Reached XP level 8. HP: 48/48 MP: 17/17
  4104 | D:2      | Noticed an angel
  4105 | D:2      | Found a glowing silver altar of Zin.
  4563 | D:2      | Noticed Crazy Yiuf
  4570 | D:2      | Killed Crazy Yiuf
  4570 | D:2      | Reached skill level 1 in Maces & Flails
  4960 | D:3      | Noticed M4edhros' ghost (weakling OpAr)
  4967 | D:3      | Killed M4edhros' ghost
  5132 | D:5      | Entered Level 5 of the Dungeon
  5132 | D:5      | Found Khameste's Armour Emporium.
  5164 | D:5      | XOM: 3-stop teleportation journey
  5175 | D:5      | Reached skill level 1 in Shields
  5195 | D:5      | Reached skill level 1 in Invocations
  5210 | D:5      | Reached skill level 8 in Stealth
  5341 | D:5      | Acquired Fedhas' second power
  5349 | D:5      | XOM: 7-stop teleportation journey
  5861 | D:5      | XOM: 9-stop teleportation journey
  5975 | D:5      | Acquired Fedhas' third power
  6045 | D:5      | Found Geixt's Armour Shoppe.
  6056 | D:5      | Bought a +2 hat for 160 gold pieces
  6065 | D:5      | Found Miahoeq's Armour Shop.
  6111 | D:5      | Found Wazowunu's Armour Emporium.
  6262 | D:6      | Noticed Edmund
  6266 | D:6      | XOM: noise
  6285 | D:6      | Killed Edmund
  6285 | D:6      | Reached XP level 9. HP: 27/53 MP: 15/19
  6349 | D:6      | Noticed Duvessa
  6349 | D:6      | Noticed Dowan
  6360 | D:6      | Killed Duvessa
  6365 | D:6      | Killed Dowan
  6725 | D:6      | XOM: noise
  6771 | D:6      | Reached skill level 9 in Stealth
  6775 | D:6      | XOM: medium Necr miscast
  7073 | D:6      | Learned a level 3 spell: Recall
  7304 | D:6      | Noticed Ijyb
  7310 | D:6      | Killed Ijyb
  7331 | D:6      | Acquired Fedhas' fourth power
  7507 | D:6      | XOM: harmless Erth miscast
  7762 | D:7      | Learned a level 3 spell: Regeneration
  7970 | D:7      | Found an iron altar of Okawaru.
  7970 | D:7      | Found a white marble altar of Elyvilon.
  7970 | D:7      | Found a radiant altar of Vehumet.
  8084 | D:8      | Found a shattered altar of Ashenzari.
  8122 | D:8      | Found a staircase to the Lair.
  8146 | D:8      | Reached skill level 1 in Necromancy
  8155 | D:8      | Reached XP level 10. HP: 6/63 MP: 21/21
  8258 | D:8      | XOM: divination: detect creatures
  8367 | D:8      | XOM: harmless Divn miscast
  8398 | D:8      | Reached skill level 1 in Summonings
  8444 | D:8      | Gained mutation: You are clumsy. (Dex -2) [potion of mutation]
  8444 | D:8      | Gained mutation: Your system is resistant to poisons. [potion of mutation]
  8444 | D:8      | Lost mutation: Your system is resistant to poisons. [potion of mutation]
  8526 | D:8      | Reached skill level 1 in Spellcasting
  8601 | D:8      | Reached skill level 1 in Charms
  9397 | D:9      | XOM: medium Tloc miscast
  9666 | D:9      | Found a deep blue altar of Sif Muna.
  9779 | D:9      | Found a stormy altar of Qazlal.
  9835 | D:9      | Found a glowing golden altar of the Shining One.
  9917 | D:9      | XOM: mild Conj miscast
 10179 | D:9      | Gained mutation: You occasionally shout uncontrollably at your foes. [mutagenic meat]
 10257 | D:9      | XOM: noise
 10284 | D:9      | Reached skill level 10 in Stealth
 10375 | D:9      | XOM: medium Summ miscast
 10457 | D:10     | Entered Level 10 of the Dungeon
 10472 | D:10     | Reached skill level 5 in Invocations
 10500 | D:10     | Found a staircase to the Orcish Mines.
 10528 | D:10     | Reached skill level 5 in Maces & Flails
 10549 | D:10     | Acquired Fedhas' fifth power
 10559 | D:10     | Reached XP level 11. HP: 40/69 MP: 22/22
 11197 | D:10     | Identified a scroll of acquirement
 11278 | D:10     | Reached skill level 5 in Shields
 11713 | D:11     | Gained mutation: Space occasionally distorts in your vicinity. [mutagenic meat]
 11714 | D:11     | Lost mutation: You are clumsy. (Dex -2) [mutagenic meat]
 12189 | D:11     | Noticed a hill giant
 12211 | D:11     | Killed a hill giant
 12821 | D:12     | Noticed Sonja
 12825 | D:12     | Noticed a hill giant
 12903 | D:12     | Killed a hill giant
 12950 | D:12     | Noticed Harold
 12950 | D:12     | XOM: mild Ice miscast
 12965 | D:12     | Reached skill level 5 in Fighting
 12986 | D:12     | Killed Sonja
 12993 | D:12     | Killed Harold
 13150 | D:12     | Noticed a four-headed hydra
 13191 | D:12     | Gained mutation: You are covered in fur (AC +1). [mutagenic meat]
 13192 | D:12     | Gained mutation: You can breathe flames. [mutagenic meat]
 13224 | D:12     | XOM: confusion (+ monsters)
 13255 | D:12     | Killed a four-headed hydra
 13273 | D:12     | XOM: medium Erth miscast
 13813 | D:12     | Noticed a shambling mangrove
 13813 | D:12     | a wandering mushroom changed into a shambling mangrove
 13813 | D:12     | XOM: polymorph wandering mushroom -> shambling mangrove
 13859 | D:13     | Found Voisihee's Antique Armour Shop.
 13862 | D:13     | Noticed Nessos
 13870 | D:13     | Learned a level 3 spell: Mephitic Cloud
 13968 | D:11     | XOM: medium Fire miscast
 14086 | D:11     | XOM: medium Divn miscast
 14212 | Orc:1    | Entered Level 1 of the Orcish Mines
 14258 | Orc:1    | Found a white marble altar of Elyvilon.
 14276 | Orc:1    | Reached skill level 1 in Poison Magic
 14432 | Orc:2    | XOM: noise
 14456 | Orc:2    | Reached skill level 1 in Conjurations
 14456 | Orc:2    | Reached XP level 12. HP: 34/77 MP: 24/24
 14524 | Orc:2    | XOM: medium Chrm miscast
 14580 | Orc:2    | Found Chunym's Antique Weapon Shop.
 14735 | Orc:3    | Found Mniak's Gadget Shop.
 14736 | Orc:3    | Noticed Urug
 14740 | Orc:3    | Noticed Grum
 14740 | Orc:3    | Reached skill level 1 in Air Magic
 14745 | Orc:3    | XOM: noise
 14749 | Orc:3    | Noticed Maurice
 14752 | Orc:3    | Killed Grum
 14761 | Orc:3    | Killed Maurice
 14767 | Orc:3    | Killed Urug
 15012 | Orc:3    | XOM: stat loss: -1 Str (11/12)
 15219 | Orc:3    | Noticed Fannar
 15233 | Orc:3    | Killed Fannar
 15300 | Orc:3    | XOM: polymorph wandering mushroom -> oklob plant
 15547 | Orc:4    | Entered Level 4 of the Orcish Mines
 15601 | Orc:4    | Noticed an ettin
 15614 | Orc:4    | Killed an ettin
 15635 | Orc:4    | Reached skill level 5 in Necromancy
 15690 | Orc:4    | Found a roughly hewn altar of Beogh.
 15990 | Orc:4    | Found a roughly hewn altar of Beogh.
 16009 | Orc:4    | Found Thriguuro's Antique Weapon Boutique.
 16340 | Orc:4    | XOM: mild Tloc miscast
 16356 | Orc:4    | Found a roughly hewn altar of Beogh.
 16357 | Orc:4    | Noticed an ettin
 16367 | Orc:4    | Killed an ettin
 16561 | Orc:4    | Noticed Saint Roka
 16597 | Orc:4    | Killed Saint Roka
 16616 | Orc:4    | Found a roughly hewn altar of Beogh.
 16635 | Orc:4    | Found Ulesmoh's Antique Weapon Shop.
 16926 | Orc:4    | Found Struatosk's Antique Armour Boutique.
 16934 | Orc:4    | XOM: medium Fire miscast
 17275 | Orc:4    | Found a roughly hewn altar of Beogh.
 17277 | Orc:4    | Reached skill level 5 in Poison Magic
 17302 | Orc:4    | Found a staircase to the Elven Halls.
 17377 | Orc:4    | XOM: summons 2 hostile demons
 17731 | Orc:4    | Found a roughly hewn altar of Beogh.
 17731 | Orc:4    | Found Kifaro's Antique Weapon Shop.
 17974 | Orc:4    | Bought an encrusted hunting sling for 143 gold pieces
 17980 | Orc:4    | Identified the cursed +1 hunting sling of Makhleb's Reproof {velocity, Contam rPois rF+ rN+} (You bought it in a shop on level 4 of the Orcish Mines)
 17987 | Orc:4    | Bought a bone rapier for 198 gold pieces
 17987 | Orc:4    | Identified the cursed +0 rapier "Plukkul" {pierce, rN+ Int+3 Dex+2 Stlth+} (You bought it in a shop on level 4 of the Orcish Mines)
 18191 | Orc:4    | XOM: summons 4 hostile demons
 18251 | Orc:4    | XOM: mild Tloc miscast
 18251 | Orc:4    | Was forgiven by Xom
 18570 | Orc:2    | Reached XP level 13. HP: 82/82 MP: 25/25
 19029 | Orc:4    | Upgraded the game from 0.16.1-14-g82efdee to 0.16.1-16-gc44b35d
 19144 | Orc:4    | Bought a polished spear for 224 gold pieces
 19144 | Orc:4    | Identified the +7 spear "Ghyawib" {pierce, rElec MP+9 Stlth-} (You bought it in a shop on level 4 of the Orcish Mines)
 19208 | Orc:2    | Bought a steaming flail for 314 gold pieces
 19217 | Orc:2    | Identified the +9 flail "Lioqenis" {vamp, -Cast rElec rF+ Dex+4} (You bought it in a shop on level 2 of the Orcish Mines)
 19405 | Lair:1   | Entered Level 1 of the Lair of Beasts
 19526 | Lair:1   | Learned a level 4 spell: Olgreb's Toxic Radiance
 19904 | Lair:1   | Learned a level 5 spell: Phase Shift
 20133 | Lair:1   | HP: 3/82 [the Majin-Bo (3)]
 20324 | Lair:1   | Reached skill level 1 in Translocations
 20744 | Lair:1   | Reached skill level 1 in Staves
 21160 | Lair:1   | Gained mutation: Your spells are a little harder to cast, but a little more powerful. [potion of beneficial mutation]
 21302 | Lair:2   | Reached skill level 5 in Spellcasting
 21412 | Lair:2   | Got a warped crystal amulet
 21414 | Lair:2   | Identified the amulet of Momurugh {+Rage Str-4 Int+3 Slay+3} (You found it on level 2 of the Lair of Beasts)
 21430 | Lair:2   | Got a transparent quarterstaff
 21956 | Lair:3   | Noticed Gastronok
 21968 | Lair:3   | Killed Gastronok
 22045 | Lair:3   | Found a staircase to the Snake Pit.
 22072 | Lair:3   | Found a frozen archway.
 22115 | IceCv    | Entered an ice cave
 22501 | IceCv    | Slain by an ice devil

Action                   |  1- 3 |  4- 6 |  7- 9 | 10-12 | 13-15 || total
-------------------------+-------+-------+-------+-------+-------++-------
Melee: Short sword       |    55 |    13 |       |       |       ||    68
       Dagger            |       |    27 |    15 |       |       ||    42
       Mace              |       |       |   425 |   765 |    41 ||  1231
       Rapier            |       |       |       |    12 |       ||    12
       Quarterstaff      |       |       |       |       |   238 ||   238
       Flail             |       |       |       |       |    21 ||    21
 Fire: Blowgun           |       |       |     4 |    21 |       ||    25
 Cast: Recall            |       |       |       |     4 |     1 ||     5
       Regeneration      |       |       |       |     1 |    12 ||    13
       Mephitic Cloud    |       |       |       |     1 |     4 ||     5
       Olgreb's Toxic Ra |       |       |       |       |     9 ||     9
Invok: Evolution         |       |       |     4 |    15 |     2 ||    21
       Sunlight          |       |       |     4 |     2 |       ||     6
       Rain              |       |       |       |     2 |       ||     2
Evoke: Wand              |    10 |    15 |    10 |    11 |     5 ||    51
  Use: Potion            |     3 |       |     5 |    13 |     3 ||    24
       Scroll            |       |       |    11 |     9 |     3 ||    23
 Stab: Sleeping          |     4 |     3 |    37 |    30 |    18 ||    92
       Paralysed         |       |     2 |       |       |       ||     2
       Confused          |       |       |     2 |    15 |     3 ||    20
       Distracted        |       |       |       |     5 |       ||     5
  Eat: Chunk             |       |     2 |     4 |    11 |     5 ||    22
       Meat ration       |       |       |     3 |     4 |     1 ||     8
       Bread ration      |       |       |     1 |     1 |     1 ||     3
       Pizza             |       |       |       |     1 |     1 ||     2
       Beef jerky        |       |       |       |     3 |       ||     3
       Royal jelly       |       |       |       |       |     6 ||     6
